 Dungeon Crawl Stone Soup version 0.28.0 (webtiles) character file.

Game seed: 6886339660247496699

17812 AmazingTV the Fighter (level 12, -1/113 HPs)
             Began as a Minotaur Fighter on July 1, 2022.
             Was a High Priest of Okawaru.
             Slain by a sixfirhy (10 damage)
             ... summoned by an orc high priest
             ... on level 2 of the Orcish Mines.
             The game lasted 01:17:04 (13081 turns).

AmazingTV the Fighter (Minotaur Fighter)           Turns: 13081, Time: 01:17:05

Health: -1/113     AC: 15    Str: 24    XL:     12   Next: 22%
Magic:  10/14      EV: 18    Int:  9    God:    Okawaru [*****.]
Gold:   1126       SH:  7    Dex: 16    Spells: 11/11 levels left

rFire   . . .      SeeInvis .   a - +6 flail {mace}
rCold   . . .      Faith    .   c - +0 buckler
rNeg    . . .      Spirit   .   u - +0 troll leather armour {Pargi}
rPois   .          Reflect  .   H - +1 hat {Stlth+}
rElec   .          Harm     .   J - +0 cloak
rCorr   .          Rampage  .   K - +0 pair of gloves
Will    +....                   k - +0 pair of boots of Disaster {Will+ Int+4}
Stlth   +++++++...              (no amulet)
HPRegen 1.08/turn               i - +4 ring of evasion
MPRegen 0.14/turn               t - ring of Moodiness {AC+4 Dex+4 Stlth+}

@: heroic
A: horns 2, retaliatory headbutt
a: Renounce Religion, Heroism, Finesse, Duel


You were on level 2 of the Orcish Mines.
You worshipped Okawaru.
Okawaru was extremely pleased with you.
You visited 3 branches of the dungeon, and saw 15 of its levels.
You visited the Abyss 1 time.

You collected 1595 gold pieces.
You spent 469 gold pieces at shops.


Innate Abilities, Weirdness & Mutations

You have a pair of horns on your head.
You reflexively headbutt those who attack you in melee.


   Skills:
 + Level 12.8(17.8) Fighting
 - Level 7.7(12.7) Short Blades
 - Level 12.0(17.0) Maces & Flails
 - Level 6.0(11.0) Throwing
 - Level 5.1(10.1) Armour
 - Level 8.0(13.0) Stealth
 - Level 5.1(10.1) Shields
 + Level 5.1 Invocations


You had 11 spell levels left.
You didn't know any spells.
Your spell library contained the following spells:

 Spells                   Type           Power      Damage    Failure   Level
 Shock                    Conj/Air       0%         1d3       50%         1
 Gell's Gravitas          Tloc           0%         N/A       86%         3
 Lesser Beckoning         Tloc           0%         N/A       86%         3
 Swiftness                Air            0%         N/A       86%         3
 Teleport Other           Tloc           0%         N/A       86%         3
 Airstrike                Air            0%         N/A       99%         4

Inventory:

Hand Weapons
 a - a +6 flail (weapon) {mace}
   (You took it off an orc on level 8 of the Dungeon)
 b - the +4 rapier "Embalmer" {vamp, Stlth+, short}
   (Okawaru gifted it to you on level 12 of the Dungeon)

   It occasionally heals its wielder for a portion of the damage dealt when it
   wounds a living foe.
   Stlth:     It makes you more stealthy.
 m - a +4 mace of freezing {mace}
   (You took it off a wight on level 10 of the Dungeon)
 y - a +3 dagger of electrocution {short}
   (You took it off a kobold demonologist on level 11 of the Dungeon)
 C - a +2 long sword {long}
   (You took it off a wight on level 10 of the Dungeon)
 V - a +3 dire flail {mace}
   (You took it off an orc warrior on level 9 of the Dungeon)
 Y - a +0 battleaxe {axe}
   (You found it on level 7 of the Dungeon)
 Z - the +6 whip of Cruel Justice {speed, Int+5, mace}
   (You found it on level 11 of the Dungeon)

   Attacks with this weapon are significantly faster.
   Int:       It affects your intelligence (+5).
Missiles
 g - 15 poisoned darts (quivered)
 h - 249 stones
 n - 3 curare-tipped darts {=f}
 o - 144 bolts
 A - 150 arrows
 D - 9 atropa-tipped darts
 M - 3 javelins
 O - 3 datura-tipped darts
 S - 82 sling bullets
Armour
 c - a +0 buckler (worn)
 k - the +0 pair of boots of Disaster (worn) {Will+ Int+4}
   (You acquired it on level 10 of the Dungeon)

   Int:       It affects your intelligence (+4).
   Will:      It increases your willpower.
 u - a +0 troll leather armour (worn) {Pargi}
   (You found it on level 3 of the Dungeon)
 H - a +1 hat of stealth (worn)
   (You found it on level 5 of the Dungeon)
 J - a +0 cloak (worn)
   (You found it on level 6 of the Dungeon)
 K - a +0 pair of gloves (worn)
   (You found it on level 6 of the Dungeon)
 R - a +1 leather armour of fire resistance
   (You took it off an orc on level 7 of the Dungeon)
Jewellery
 i - a +4 ring of evasion (left hand)
   (You found it on level 1 of the Dungeon)
 q - a ring of see invisible
   (You found it on level 2 of the Dungeon)
 t - the ring of Moodiness (right hand) {AC+4 Dex+4 Stlth+}
   (You found it on level 3 of the Dungeon)

   [ring of protection]

   AC:        It affects your AC (+4).
   Dex:       It affects your dexterity (+4).
   Stlth:     It makes you more stealthy.
 x - a ring of poison resistance
   (You found it on level 11 of the Dungeon)
 F - a +4 ring of protection
   (You took it off an orc on level 5 of the Dungeon)
 G - a ring of protection from cold
   (You found it on level 5 of the Dungeon)
 P - a ring of fire
   (You found it on level 7 of the Dungeon)
 W - a +4 ring of evasion
   (You found it on level 10 of the Dungeon)
Wands
 l - a wand of flame (45)
   (You took it off a wight on level 10 of the Dungeon)
 v - a wand of digging (3)
   (You found it on level 10 of the Dungeon)
 L - a wand of acid (14)
   (You found it on level 6 of the Dungeon)
 U - a wand of iceblast (8)
   (You found it on level 9 of the Dungeon)
Scrolls
 e - 4 scrolls of teleportation {@r4}
 r - 4 scrolls of fog
 s - 3 scrolls of fear
 E - a scroll of magic mapping {!r}
 T - a scroll of blinking {!r}
Potions
 d - 2 potions of might
 f - a potion of resistance
 j - 4 potions of mutation {!q}
 w - 5 potions of flight
 z - 2 potions of attraction {!q}
 I - 2 potions of brilliance
 N - 3 potions of berserk rage {!q}
 Q - a potion of magic {unknown}

Dungeon Overview and Level Annotations

Branches:
Dungeon (12/15)            Temple (1/1) D:5            Lair (0/6) D:9
    Orc (2/2) D:12
    Elf: Orc:2

Altars:
Ashenzari
Cheibriados
Dithmenos
Elyvilon
Fedhas
Gozag
Hepliaklqana
Kikubaaqudgha
Makhleb
Nemelex Xobeh
Okawaru
Qazlal
Ru
Sif Muna
Trog
Uskayaw
Vehumet
Wu Jian
Xom
Yredelemnul
Zin
The Shining One

Shops:
D:6 [   D:10 ?[(   Orc:1 *

Annotations:
D:10 exclusion: obsidian statue
D:12 exclusion: orange crystal statue
Orc:1 1 runed translucent door, collaery's ghost, journeyman HuBe

#.........## #....#
##..#......## ##....
####.#......###....#
##.#......#.##.##.#..
##.....##.............
##......##<....#..#....
##....#.#...............
###.#....#)###############
##......33@##
#....##.3oo.#
##..3##.....# #...))#o...#
##..[.)....# ###[[.....#
##o#.......# #.......#..#
##.........#


You could see a soul eater (summoned), an orc high priest, a sixfirhy
(summoned), a smoke demon (summoned), an orc priest and an orc.


Message History

You start resting. 😎 HP[+27]
Your hp is fully restored (113).
You climb downwards.
There is a stone staircase leading up here.
n - 3 curare-tipped darts {=f} You see here a +2 dagger of venom {short}.
An orc wizard comes into view. It is wielding a +0 dagger.
An orc comes into view. It is wielding a +0 flail.
g - 16 poisoned darts (gained 2)
The orc high priest shouts!
You hear a shout! x2
The orc high priest utters an invocation to Beogh.
The orc high priest utters an invocation to Beogh.
You puncture the orc wizard!
You kill the orc wizard!
Okawaru accepts your kill.
The orc high priest hits you from afar with a +0 halberd.
An orc priest comes into view.
It is wielding a +0 morningstar. 😕 HP[-1]
You take 1 damage, and now have 112/113 hp.
Throw: 16 darts (poison)
Press: ? - help, Q - select action, (/) - cycle Shift-Dir - straight line, f - orc high priest
Aim: an orc high priest, wielding a +0 halberd and wearing a +0 ring mail (66% to hit)
You throw a poisoned dart.
The poisoned dart hits the orc high priest.
The orc high priest is poisoned.
The sixfirhy closely misses you. You furiously retaliate!
You headbutt the sixfirhy. The sixfirhy hits you! The sixfirhy shocks you!
The sixfirhy barely misses you. You furiously retaliate!
You headbutt the sixfirhy!
You block the orc high priest's attack. 😕 HP[-17]
You take 17 damage, and now have 95/113 hp.
You block the sixfirhy's attack.
The orc high priest hits you but does no damage. 😕 HP[+1]
You puncture the orc high priest!
Your headbutt misses the orc high priest.
An orc wizard comes into view. It is wielding a +0 dagger.
You block the orc high priest's attack. 😕 HP[+1]
You feel the dreadful sensation subside.
a - a +6 flail (weapon)
{mace} 😕 HP[+1]
You gain the combat prowess of a mighty hero.
The sixfirhy closely misses you. You furiously retaliate!
You headbutt the sixfirhy! The sixfirhy closely misses you. The orc misses you.
The soul eater misses you.
The orc high priest mumbles some strange prayers to Beogh against you.
Beogh smites you!
The orc priest miscasts a cantrip.
The sixfirhy misses you. You furiously retaliate!
You headbutt the sixfirhy. 😕 HP[-9] MP[-2]
You take 9 damage, and now have 89/113 hp.
You lost 2 mp, and now have 12/14 mp.
You thump the orc high priest! You headbutt the orc high priest!
The sixfirhy hits you. The sixfirhy shocks you! The sixfirhy barely misses you.
The soul eater barely misses you.
The orc high priest hits you but does no damage. 😮 HP[-12]
You take 12 damage, and now have 77/113 hp.
You closely miss the orc high priest. You headbutt the orc high priest!
The sixfirhy hits you but does no damage.
The sixfirhy hits you. The sixfirhy shocks you!
You block the sixfirhy's attack. The orc hits you with a +0 flail.
The orc high priest mumbles some strange prayers to Beogh against you.
Beogh smites you!
* * * LOW HITPOINT WARNING * * *
The soul eater barely misses you. You furiously retaliate!
You headbutt the soul eater! 😨 HP[-26]
You take 26 damage, and now have 51/113 hp.
MASSIVE DAMAGE!! (PAUSE)
The smoke demon gestures at you.
The sticky flame hits you but does no damage.
You are covered in liquid flames!
You block the orc's attack.
The orc high priest hits you from afar with a +0 halberd!
* * * LOW HITPOINT WARNING * * *
The soul eater draws from the surrounding life force!
* * * LOW HITPOINT WARNING * * *
The soul eater is healed. 😱 HP[-25]
You take 25 damage, and now have 26/113 hp.
MASSIVE DAMAGE!! (PAUSE)
You are covered in liquid flames!
* * * LOW HITPOINT WARNING * * *
The orc high priest looks more healthy.
The orc high priest calls down the wrath of Beogh upon you.
Beogh smites you!
* * * LOW HITPOINT WARNING * * *
😱 HP[-11]
You take 11 damage, and now have 15/113 hp.
Okay, then.
You feel more confident with your borrowed prowess.
You are covered in liquid flames!
* * * LOW HITPOINT WARNING * * *
You are no longer on fire.
The orc priest completely misses you. You furiously retaliate!
You headbutt the orc priest! The sixfirhy hits you!
You die...

Skill      XL: |  1  2  3  4  5  6  7  8  9 10 11 12 |
---------------+-------------------------------------+-----
Fighting       | 4 5 6 7 9 10 12 | 12.8
Invocations    | 1 2 3 5 |  5.1
Shields        | 4 5 |  5.1
Armour         | 4 5 |  5.1
Maces & Flails | 3 4 5 7 9 10 11 12 | 12.0
Stealth        | 1 2 4 5 7 8 |  8.0
Short Blades   | 2 4 6 7 |  7.7
Throwing       | 2 5 6 |  6.0

Action                   |  1- 3 |  4- 6 |  7- 9 | 10-12 || total
-------------------------+-------+-------+-------+-------++-------
Melee: Flail             |    71 |    63 |   307 |   362 ||   803
       Headbutt          |    12 |     9 |    59 |   114 ||   194
       Rapier            |       |       |       |    53 ||    53
       Dagger            |       |       |       |    10 ||    10
       Whip              |       |       |       |    10 ||    10
Throw: Dart              |       |     5 |     4 |    10 ||    19
Invok: Heroism           |       |       |     3 |     8 ||    11
       Finesse           |       |       |       |     1 ||     1
  Use: Scroll            |       |       |     9 |    17 ||    26
       Potion            |       |       |     1 |     6 ||     7
 Stab: Sleeping          |       |     2 |    16 |    16 ||    34
Armor: Scale mail        |    24 |    10 |       |       ||    34
       Troll leather arm |       |    19 |   142 |   154 ||   315
Dodge: Dodged            |    59 |    55 |   245 |   265 ||   624
Block: Buckler           |    23 |    17 |   101 |   110 ||   251

Levels and vault maps discovered:
D:1:      lemuel_arrival_cross, layout_loops_ring,
          hellmonk_ecumenical_altar_crossroads
D:2:      cheibrodos_helix_gallery, layout_loops_corners, basic_altar
D:3:      layout_basic, hellmonk_ghost_happy_afterlife, uniq_pargi
D:4:      cheibrodos_thug_alley, layout_cave_pools, grunt_temple_overflow_open,
          minmay_misc_feat_ornament, minmay_misc_feat_columns,
          serial_bayou_pond_e, chequers_serial_rivers_small_3,
          chequers_serial_rivers_room_b, grunt_decor_clamped, kennysheep_path_1
D:5:      layout_loops_ring, marbit_many_paths, minmay_temple_entry_grid
D:6:      layout_basic, chequers_temple_overflow_minitemple, serial_shops,
          kennysheep_little_box, minmay_misc_feat_plants
D:7:      layout_basic
D:8:      wander_kiku_kobolds, layout_rooms, lemuel_doored_altar
D:9:      layout_rooms, vehumet_statue, erik_lair_dragon
D:10:     layout_cave_pools, serial_shops, shop, shop_coins,
          nicolae_diamond_shop, minivault_16
D:11:     nicolae_BIG_FREAKIN_CUBE, layout_basic, cheibrodos_ashenzari_chains
D:12:     layout_cave_pods, orc_0_dummy, nicolae_zen_rock_garden,
          minmay_statue_bubble, uniq_snorg
Temple:   compressed_dpeg_triangle_lava_temple
Orc:1:    layout_diamond_mine, gammafunk_ghost_grave, nicolae_orc_rockfall,
          minmay_shop_mass
Orc:2:    st_orc_congregation, layout_caves, nicolae_orc_crystal_geode,
          uniq_sonja

Notes
Turn   | Place    | Note
-------+----------+-------------------------------------------
     0 | D:1      | AmazingTV the Minotaur Fighter began the quest for the Orb.
     0 | D:1      | Reached XP level 1. HP: 19/19 MP: 0/0
     0 | D:1      | magus.rc [v1.9.6]
   265 | D:1      | Reached XP level 2. HP: 27/27 MP: 1/1
   311 | D:1      | Found a faded altar of an unknown god.
   759 | D:2      | Reached skill level 4 in Fighting
   759 | D:2      | Reached skill level 1 in Invocations
   806 | D:2      | Reached skill level 4 in Shields
   806 | D:2      | Reached XP level 3. HP: 33/33 MP: 2/2
   904 | D:2      | Reached skill level 4 in Armour
  1098 | D:2      | Found a sparkling altar of Nemelex Xobeh.
  1116 | D:2      | Reached skill level 3 in Maces & Flails
  1576 | D:3      | Found a runed translucent door.
  1576 | D:3      | Noticed AmazingTV's ghost (weakling SpBr)
  1590 | D:3      | Identified the ring of Moodiness {AC+4 Dex+4 Stlth+}
  1725 | D:3      | Noticed a black bear
  1761 | D:3      | Killed a black bear
  1762 | D:3      | Reached XP level 4. HP: 23/41 MP: 2/4
  1762 | D:3      | Reached XP level 5. HP: 26/47 MP: 2/5
  1925 | D:3      | Noticed Pargi
  1936 | D:3      | Killed Pargi
  1937 | D:3      | Reached skill level 2 in Invocations
  2085 | D:3      | Reached XP level 6. HP: 55/55 MP: 6/6
  2334 | D:3      | Killed AmazingTV's ghost
  2335 | D:3      | Reached skill level 4 in Maces & Flails
  2335 | D:3      | Reached skill level 5 in Armour
  2399 | D:4      | Reached skill level 5 in Shields
  2406 | D:4      | Reached skill level 5 in Fighting
  2511 | D:4      | Found a broken altar of Ashenzari.
  2529 | D:4      | Found a glowing silver altar of Zin.
  2563 | D:4      | Found a white marble altar of Elyvilon.
  2566 | D:4      | Found a shadowy altar of Dithmenos.
  2588 | D:4      | Reached skill level 1 in Stealth
  2588 | D:4      | Reached skill level 3 in Invocations
  2588 | D:4      | Reached XP level 7. HP: 61/61 MP: 8/8
  2965 | D:4      | Reached skill level 1 in Short Blades
  3099 | D:4      | Found an ornate altar of the Wu Jian Council.
  3124 | D:4      | Reached skill level 5 in Maces & Flails
  3252 | D:5      | Entered Level 5 of the Dungeon
  3263 | D:5      | Reached skill level 2 in Stealth
  3266 | D:5      | Found a staircase to the Ecumenical Temple.
  3279 | D:5      | Reached skill level 6 in Fighting
  3289 | D:5      | Reached skill level 2 in Short Blades
  3328 | D:5      | Reached XP level 8. HP: 71/71 MP: 9/9
  3337 | Temple   | Entered the Ecumenical Temple
  4021 | D:5      | Reached skill level 3 in Short Blades
  4021 | D:5      | Reached skill level 3 in Stealth
  4048 | D:5      | Reached skill level 6 in Maces & Flails
  4310 | D:5      | Found an ancient bone altar of Kikubaaqudgha.
  4390 | D:5      | Reached skill level 7 in Fighting
  4535 | D:6      | Reached skill level 4 in Short Blades
  4636 | D:6      | Reached skill level 4 in Stealth
  4651 | D:6      | Reached skill level 7 in Maces & Flails
  4662 | D:6      | Reached XP level 9. HP: 78/80 MP: 10/10
  4787 | D:6      | You pick up a book of Displacement and begin reading...
  4787 | D:6      | You add the spells Lesser Beckoning, Gell's Gravitas and
                  | Teleport Other to your library.
  4813 | D:6      | Found an iron altar of Okawaru.
  4813 | D:6      | Found a shimmering blue altar of Sif Muna.
  4822 | D:6      | Found a sparkling altar of Nemelex Xobeh.
  4824 | D:6      | Found a bloodstained altar of Trog.
  4826 | D:6      | Found a basalt altar of Yredelemnul.
  4962 | D:6      | Became a worshipper of Warmaster Okawaru
  5071 | D:6      | Found Jiliclint's Antique Armour Shop.
  5334 | D:7      | Reached skill level 5 in Short Blades
  5339 | D:7      | Reached skill level 8 in Fighting
  6574 | D:8      | Reached skill level 8 in Maces & Flails
  6574 | D:8      | Reached skill level 5 in Stealth
  6582 | D:8      | Reached * piety under Okawaru
  6671 | D:8      | Reached skill level 6 in Short Blades
  6711 | D:8      | Found a hide-covered altar of Uskayaw.
  7152 | D:9      | Reached skill level 9 in Fighting
  7170 | D:9      | Noticed a boulder beetle
  7236 | D:9      | Killed a boulder beetle
  7236 | D:9      | Reached ** piety under Okawaru
  7237 | D:9      | Reached skill level 9 in Maces & Flails
  7237 | D:9      | Reached XP level 10. HP: 47/91 MP: 8/11
  7418 | D:9      | Reached skill level 6 in Stealth
  7421 | D:9      | Reached *** piety under Okawaru
  7422 | D:9      | Reached skill level 7 in Short Blades
  7488 | D:9      | You pick up a book of Air and begin reading...
  7488 | D:9      | You add the spells Shock, Swiftness and Airstrike to your
                  | library.
  7586 | D:9      | Reached skill level 10 in Fighting
  7629 | D:9      | Reached **** piety under Okawaru
  7638 | D:9      | Received a gift from Okawaru
  7679 | D:9      | Found a staircase to the Lair.
  8094 | D:9      | Found a radiant altar of Vehumet.
  8218 | D:10     | Entered Level 10 of the Dungeon
  8236 | D:10     | Reached skill level 10 in Maces & Flails
  8250 | D:10     | Reached skill level 1 in Throwing
  8304 | D:10     | Reached skill level 7 in Stealth
  8319 | D:10     | Reached skill level 2 in Throwing
  8343 | D:10     | Noticed an obsidian statue
  8364 | D:10     | Reached XP level 11. HP: 97/101 MP: 12/12
  8412 | D:10     | Identified a scroll of acquirement
  8412 | D:10     | Acquired the +0 pair of boots of Disaster {Will+ Int+4}
  8534 | D:10     | Found Tataits's Antique Armour Shop.
  8585 | D:10     | Found Ollun's Magic Scroll Shop.
  8606 | D:10     | Bought a scroll of blinking for 105 gold pieces
  8606 | D:10     | Bought a scroll of identify for 28 gold pieces
  8606 | D:10     | Bought a scroll of identify for 28 gold pieces
  8606 | D:10     | Bought a scroll of immolation for 49 gold pieces
  8606 | D:10     | Bought a scroll of enchant weapon for 105 gold pieces
  8606 | D:10     | Bought a scroll of enchant weapon for 105 gold pieces
  8606 | D:10     | Bought a scroll of fear for 49 gold pieces
  8650 | D:10     | Found Seru's Antique Weapon Shoppe.
  8666 | D:10     | Noticed a two-headed ogre
  8670 | D:10     | Noticed a two-headed ogre
  8678 | D:10     | Killed a two-headed ogre
  8678 | D:10     | Reached ***** piety under Okawaru
  9025 | D:10     | Killed a two-headed ogre
  9026 | D:10     | Reached skill level 11 in Fighting
  9026 | D:10     | Reached skill level 3 in Throwing
  9154 | D:10     | Noticed a sun demon
  9166 | D:10     | HP: 22/102 [sun demon[an obsidian statue] (14)]
  9166 | D:10     | HP: 9/102 [sun demon[an obsidian statue] (13)]
  9166 | D:10     | HP: 2/102 [red devil[an obsidian statue] (7)]
  9545 | D:11     | Found a broken altar of Ashenzari.
  9693 | D:11     | Identified the +6 whip of Cruel Justice {speed, Int+5}
  9733 | D:11     | Reached skill level 11 in Maces & Flails
  9746 | D:11     | Received a gift from Okawaru
  9747 | D:11     | Reached skill level 4 in Throwing
  9921 | D:11     | Noticed a two-headed ogre
  9925 | D:11     | Killed a two-headed ogre
 10105 | D:12     | Noticed Snorg
 10204 | D:12     | Reached skill level 8 in Stealth
 10268 | D:12     | Killed Snorg
 10388 | D:12     | Found a staircase to the Orcish Mines.
 10467 | D:12     | Reached skill level 5 in Throwing
 10704 | D:12     | Noticed an orange crystal statue
 10780 | D:12     | Noticed a seven-headed hydra
 10877 | D:12     | Noticed a four-headed hydra
 10885 | D:12     | Killed a four-headed hydra
 10885 | D:12     | Identified the +4 rapier "Embalmer" {vamp, Stlth+} (Okawaru
                  | gifted it to you on level 12 of the Dungeon)
 10885 | D:12     | Received a gift from Okawaru
 10886 | D:12     | Reached skill level 12 in Fighting
 11316 | Orc:1    | Entered Level 1 of the Orcish Mines
 11326 | Orc:1    | Noticed an orc sorcerer
 11349 | Orc:1    | Paralysed by an orc sorcerer for 5 turns
 11363 | Orc:1    | Killed an orc sorcerer
 11431 | Orc:1    | Noticed an orc sorcerer
 11449 | Orc:1    | Killed an orc sorcerer
 11504 | Orc:1    | You are cast into the Abyss!
 11504 | Orc:1    | Cast into level 1 of the Abyss (orc wizard)
 11504 | Abyss:1  | Found a corrupted altar of Lugonu.
 11557 | Abyss:1  | Noticed a wretched star
 11623 | Abyss:1  | Noticed a rakshasa
 11627 | Abyss:1  | Noticed a starcursed mass
 11647 | Abyss:1  | Noticed a cyan ugly thing
 11681 | Abyss:1  | Noticed a starcursed mass
 11681 | Abyss:1  | Noticed a white very ugly thing
 11685 | Abyss:1  | HP: 23/102 [white very ugly thing (49)]
 11763 | Abyss:1  | Noticed a hell hog
 11809 | Abyss:1  | Noticed a large abomination
 11809 | Abyss:1  | Noticed a rakshasa
 11848 | Abyss:1  | Noticed a starcursed mass
 11856 | Abyss:1  | Noticed a tentacled starspawn
 11887 | Abyss:1  | Noticed a large abomination
 11983 | Orc:1    | You pass through the gate.
 11983 | Orc:1    | Escaped the Abyss
 12032 | Orc:1    | Reached XP level 12. HP: 110/111 MP: 13/13
 12244 | Orc:2    | Entered Level 2 of the Orcish Mines
 12248 | Orc:2    | Reached skill level 12 in Maces & Flails
 12252 | Orc:2    | Reached skill level 4 in Invocations
 12370 | Orc:1    | Found Komuffobb's Mass Market.
 12444 | Orc:1    | Found a runed translucent door.
 12445 | Orc:1    | Noticed collaery's ghost (journeyman HuBe)
 12912 | Orc:2    | Noticed an orc high priest
 12912 | Orc:2    | Noticed Sonja
 12930 | Orc:2    | Killed an orc high priest
 12931 | Orc:2    | Reached skill level 6 in Throwing
 12955 | Orc:2    | Noticed an orc high priest
 12972 | Orc:2    | Killed Sonja
 12973 | Orc:2    | Reached skill level 5 in Invocations
 13079 | Orc:2    | HP: 26/113 [soul eater/drain life[an orc high priest] (19)]
 13081 | Orc:2    | HP: 7/113 [burnt (8)]
 13081 | Orc:2    | Slain by a sixfirhy

Vanquished Creatures
  Snorg (D:12)
  A boulder beetle (D:9)
  A hydra (D:12)
  3 two-headed ogres
  An orc high priest (Orc:2)
  Sonja (Orc:2)
  2 orc sorcerers (Orc:1)
  A kobold demonologist (D:11)
  2 komodo dragons (D:9)
  An ancient zyme (Abyss:1)
  A small abomination (Abyss:1)
  A shadow (D:11)
  7 wyverns
  3 wraiths
  15 yaks
  4 vampire mosquitoes (D:12)
  2 acid dragons
  A warg (Orc:1)
  Pargi (D:3)
  2 ice beasts
  6 black bears
  2 necrophages
  8 ogres
  13 orc warriors
  5 centaurs
  2 phantoms
  A bullfrog (D:8)
  A kobold brigand (D:4)
  A scorpion (D:5)
  12 killer bees
  9 wights
  3 howler monkeys (D:11)
  The ghost of AmazingTV the Sneak, a weakling SpBr (D:3)
  7 centaur zombies
  2 jellies
  2 centaur skeletons
  11 orc priests
  A gnoll shaman (D:6)
  2 iguanas (D:5)
  16 orc wizards
  A statue (D:9)
  A killer bee zombie (D:9)
  A hound skeleton (D:4)
  A howler monkey zombie (D:9)
  6 adders
  7 gnolls
  2 shadow imps (D:6)
  2 ufetubi
  A worm (D:2)
  An adder skeleton (D:4)
  5 dart slugs
  49 orcs
  7 ball pythons
  8 bats
  6 endoplasms
  2 giant cockroaches
  6 goblins
  7 hobgoblins
  2 jackals (D:1)
  3 quokkas
  4 frilled lizards
  11 kobolds
  A quokka skeleton (D:4)
  2 rats
292 creatures vanquished.

Vanquished Creatures (others)
  An orc wizard (D:7)
  2 withered plants (Orc:1)
3 creatures vanquished.

Grand Total: 295 creatures vanquished

Table legend:
 A = Non-vault XP
 B = Vault XP
 C = Vault XP percentage of total XP
 D = Non-vault monster count
 E = Vault monster count
 F = Vault count percentage of total count
                 A         B        C        D         E       F
            +---------+---------+-------+---------+---------+-------
      Total |   20328 |    5119 |  20.1 |     256 |      36 |  12.3
            +---------+---------+-------+---------+---------+-------
        D:1 |      34 |       0 |   0.0 |      19 |       0 |   0.0
        D:2 |      42 |       3 |   6.7 |      17 |       2 |  10.5
        D:3 |     173 |     181 |  51.1 |      17 |       2 |  10.5
        D:4 |     627 |     104 |  14.2 |      18 |       9 |  33.3
        D:5 |     827 |     125 |  13.1 |      19 |       1 |   5.0
        D:6 |     891 |       0 |   0.0 |      17 |       0 |   0.0
        D:7 |     907 |       0 |   0.0 |      22 |       0 |   0.0
        D:8 |     736 |       0 |   0.0 |      14 |       0 |   0.0
        D:9 |    3074 |    1542 |  33.4 |      23 |       7 |  23.3
       D:10 |    4084 |       0 |   0.0 |      25 |       0 |   0.0
       D:11 |    3853 |       0 |   0.0 |      15 |       0 |   0.0
       D:12 |    1945 |     928 |  32.3 |       7 |       1 |  12.5
      Orc:1 |    2389 |       0 |   0.0 |      27 |       0 |   0.0
      Orc:2 |     746 |    2236 |  75.0 |      13 |      14 |  51.9
    Abyss:1 |       0 |       0 |   N/A |       3 |       0 |   0.0
            +---------+---------+-------+---------+---------+-------

Illustrated notes

Table legend:
 A = Kills in this place as a percentage of kills in entire the game.
 B = Kills by you in this place as a percentage of kills by you in the entire game.
 C = Kills by friends in this place as a percentage of kills by friends in the entire game.
 D = Other kills in this place as a percentage of other kills in the entire game.
 E = Experience gained in this place as a percentage of experience gained in the entire game.
 F = Experience gained in this place divided by the number of levels of this place that you have seen.
                   A       B       C       D       E      F
               +-------+-------+-------+-------+-------+----------------------
         Total | 100.0 | 100.0 |   N/A |   N/A | 100.0 | 1590.4
       Dungeon |  80.5 |  80.5 |   N/A |   N/A |  78.9 | 1673.0
  Orcish Mines |  18.5 |  18.5 |   N/A |   N/A |  21.1 | 2685.5
         Abyss |   1.0 |   1.0 |   N/A |   N/A |   0.0 |   0.0
               +-------+-------+-------+-------+-------+----------------------

Table legend: (Time is in decaauts)
 A = Elapsed time spent in this place.
 B = Non-inter-level travel time spent in this place.
 C = Inter-level travel time spent in this place.
 D = Time resting spent in this place.
 E = Time spent auto-exploring this place.
 F = Levels seen in this place.
 G = Mean time per level.
                   A        B        C        D        E       F      G
               +--------+--------+--------+--------+--------+-----+--------+
         Total |  13074 |  12377 |    697 |   1036 |   8108 |  16 |  817.1 |
       Dungeon |  11020 |  10413 |    607 |    857 |   7358 |  12 |  918.3 |
        Temple |    325 |    293 |     32 |      0 |    285 |   1 |  325.0 |
  Orcish Mines |   1247 |   1190 |     57 |    134 |    465 |   2 |  623.5 |
         Abyss |    481 |    481 |      0 |     45 |      0 |   1 |  481.0 |
               +--------+--------+--------+--------+--------+-----+--------+

Top non-repeatable levels by time:
     D:9: 1240 daAuts
    D:12: 1190 daAuts
     D:7: 1155 daAuts
    D:10: 974 daAuts
     D:4: 948 daAuts
   Orc:1: 925 daAuts
     D:2: 879 daAuts
     D:6: 874 daAuts
    D:11: 868 daAuts
     D:5: 846 daAuts
     D:3: 810 daAuts
     D:1: 695 daAuts
     D:8: 537 daAuts
 Abyss:1: 481 daAuts
  Temple: 325 daAuts
